Cogmind - Beta 12 @@@ ROGUE MODE // 2023.03.12 @ 01:24:35 Player: Red Box Result: Destroyed by as-04069 with Assembled Heavy Rifle Performance ------------- Evolutions (0) 0 Regions Visited (2) 400 Robots Destroyed (33) 165 Value Destroyed (690) 690 Prototype IDs (0) 0 Alien Tech Used (0) 0 Bonus (0) 0 TOTAL SCORE: 1255 Bonus ------- None Cogmind --------- Core Integrity 0/250 Matter 189/300 Energy 76/160 System Corruption 0% Temperature Cool (0) Movement Rolling (125) Ox3 Location -10/Mines Parts ------- > --- POWER (1) -------- Light Nuclear Core > --- PROPULSION (2) --- Light Treads Wheel > --- UTILITY (2) ------ Large Storage Unit Light Armor Plating > --- WEAPON (2) ------- EM Pulse Gun Assault Rifle > --- INVENTORY (15) --- Improved Heat Sink Improved Heat Sink High-capacity Storage Unit High-capacity Matter Pod (200) Improved Terrain Scanner Light Armor Plating Light Armor Plating EM Pulse Gun Particle Gun Grenade Launcher Makeshift Sword Peak State ------------ > --- POWER ------------ Light Nuclear Core > --- PROPULSION ------- Light Treads Light Treads > --- UTILITY ---------- Improved Heat Sink Large Storage Unit > --- WEAPON ----------- Assault Rifle Assault Rifle > --- INVENTORY -------- Light Nuclear Core Wheel Improved Heat Sink High-capacity Storage Unit High-capacity Matter Pod Improved Terrain Scanner Light Armor Plating Light Armor Plating Light Armor Plating EM Pulse Gun EM Pulse Gun Particle Gun Grenade Launcher Makeshift Sword [Rating: 13] Favorites ----------- Power Ion Engine Engine Ion Engine Power Core Light Nuclear Core Propulsion Wheel Treads Light Treads Leg Aluminum Leg Wheel Wheel Utility Large Storage Unit Device Improved Heat Sink Storage Large Storage Unit Protection Light Armor Plating Weapon Medium Laser Energy Gun Medium Laser Ballistic Gun Assault Rifle Launcher Grenade Launcher Special Weapon Mining Laser Build | -11 -10 -10 ------- Run | Jun Mat Min Slots Evolved . | . . . Power . | . . . Propulsion . | . . . Utility . | . . . Weapon . | . . . Parts Attached 32 | 7 13 12 Power 5 | 1 2 2 Engine 3 | 1 2 . Core 2 | . . 2 Reactor . | . . . Propulsion 6 | 2 1 3 Treads 2 | . . 2 Leg 1 | 1 . . Wheel 3 | 1 1 1 Hover . | . . . Flight . | . . . Utility 5 | 2 2 1 Device 2 | 1 1 . Storage 2 | 1 1 . Processor . | . . . Hackware . | . . . Protection 1 | . . 1 Artifact . | . . . Weapon 16 | 2 8 6 Energy Gun 8 | 1 6 1 Energy Cannon . | . . . Ballistic Gun 5 | 1 1 3 Ballistic Cannon . | . . . Launcher 2 | . . 2 Special Weapon 1 | . 1 . Impact Weapon . | . . . Slashing Weapon . | . . . Piercing Weapon . | . . . Special Melee Weapon . | . . . Unidentified Prototypes . | . . . Parts Lost 11 | . 3 8 Power 3 | . 1 2 Propulsion 3 | . . 3 Utility . | . . . Weapon 5 | . 2 3 Highest Loss Streak 4 | . 3 4 To Critical Strikes . | . . . Average Slot Usage (%) 96 | . 99 92 Engine 10 | . 13 7 Core 2 | . . 5 Treads 5 | . . 13 Wheel 19 | . 27 8 Device 13 | . 14 13 Storage 14 | . 14 14 Energy Gun 19 | . 24 13 Ballistic Gun 7 | . 3 13 Naked Turns . | . . . Heaviest Build 31 | 13 30 31 Greatest Support 40 | 10 20 40 Greatest Overweight (x) 2 | 1 1 2 Average Overweight (x) . | . . . Largest Inventory Capacity 15 | 8 15 15 Average Capacity 13 | 7 12 15 Most Carried 15 | 8 14 15 Average Carried 11 | 5 10 13 Final Capacity 15 | 8 15 15 Final Carried 13 | 8 13 11 Class Distribution -------------------- 100% | Mutant Dominant Class ---------------- Mutant | -10/Materials Mutant | -10/Mines Resources | -11 -10 -10 ----------- Run | Jun Mat Min Matter Collected 492 | 281 127 84 Remotely . | . . . Salvage Created 1052 | 126 498 428 Parts 74 | 6 39 29 Haulers Intercepted 1 | . 1 . Recyclers Shooed 1 | 1 . . Parts Field Recycled . | . . . Retrieved Matter . | . . . Parts Self-Destructed . | . . . Prevented . | . . . Kills | -11 -10 -10 ------- Run | Jun Mat Min Combat Hostiles Destroyed 33 | . 10 23 Guns 28 | . 10 18 AOE 5 | . . 5 Classes Destroyed 7 | 2 4 1 Tunneler 2 | 2 . . Hauler 1 | . 1 . Recycler 1 | 1 . . Watcher 3 | . 3 . Swarmer 14 | . 3 11 Grunt 12 | . 7 5 Assembled 7 | . . 7 Best Kill Streak 7 | 2 3 7 Combat Bots Only 7 | . 3 7 Max Kills in Single Turn 2 | 1 1 2 Gunslinging . | . . . Exploded 2 | . . 2 Melee . | . . . Uniques/NPCs Destroyed . | . . . Combat | -11 -10 -10 -------- Run | Jun Mat Min Damage Taken 1411 | . 354 1057 Core 254 | . 82 172 Absorbed by Shields . | . . . Core Remaining (%) 100 | 100 . . Volleys Fired 88 | 11 37 40 Largest 2 | 2 2 2 Hottest 100 | 60 100 100 Shots Fired 166 | 22 68 76 Gun 160 | 22 66 72 Cannon . | . . . Launcher 4 | . . 4 Special 2 | . 2 . Kinetic 38 | 11 7 20 Thermal 81 | 11 20 50 Explosive 4 | . . 4 Electromagnetic 43 | . 41 2 Robot Hit Streak 7 | 3 5 7 Robot Miss Streak 3 | 2 2 3 Penetration Max . | . . . Secondary Targets 7 | . . 7 Max Gunslinging Chain 1 | . . 1 Shots Hit Robots 96 | 12 38 46 Core Hits 68 | 6 25 37 Critical Kills . | . . . Critical Parts Destroyed . | . . . Critical Strikes 8 | . 3 5 Burn 7 | . 2 5 Corrupt 1 | . 1 . Melee Attacks . | . . . Impact . | . . . Slashing . | . . . Piercing . | . . . Sneak Attacks . | . . . Combat Hostiles . | . . . Follow-up Attacks . | . . . Damage Inflicted 1646 | 120 573 953 Guns 1216 | 120 501 595 Cannons . | . . . Explosions 425 | . 71 354 Melee . | . . . Ramming 5 | . 1 4 Kinetic 241 | 57 37 147 Thermal 697 | 63 207 427 Explosive 354 | . . 354 Electromagnetic 349 | . 328 21 Impact . | . . . Slashing . | . . . Piercing . | . . . Highest Corruption . | . . . Average Corruption . | . . . Corruption Purged . | . . . Corruption Blocked . | . . . Overload Shots . | . . . Overflow Damage . | . . . Projectiles . | . . . Explosions . | . . . Melee . | . . . Knockbacks . | . . . Impact . | . . . Kinetic . | . . . Secondary . | . . . Self-Inflicted Damage 52 | . . 52 Shots 2 | . . 2 Rammed 2 | . 1 1 Targets Rammed 2 | . 1 1 Kicked . | . . . Crushed . | . . . Highest Temperature 174 | 40 174 22 Average Temperature 38 | 21 44 11 Received Heat Transfer 255 | . 120 135 Siege Activations . | . . . Robots Corrupted . | . . . Combat Hostiles . | . . . Parts Fried . | . . . Impact Corruptions . | . . . Robots Melted . | . . . Combat Hostiles . | . . . Parts Melted 5 | . 2 3 Heat Transferred 2409 | 150 705 1554 Parts Sabotaged . | . . . Parts Stolen . | . . . Parts Stripped . | . . . Power Chain Reactions 2 | . 2 . Missiles Intercepted . | . . . Alert | -11 -10 -10 ------- Run | Jun Mat Min Peak Influence 341 | 15 261 341 Initial 11 | . 9 11 Average 110 | 4 72 176 Maximum Alert Level 1 | . 1 1 Low Security (%) 78 | 100 94 54 Level 1 21 | . 5 45 Level 2 . | . . . Level 3 . | . . . Level 4 . | . . . Level 5 . | . . . High Security . | . . . Max Security . | . . . Squads Dispatched 1 | . 1 . Investigation 1 | . 1 . Extermination . | . . . Reinforcement . | . . . Assault . | . . . Garrison . | . . . Intercept . | . . . Searches Triggered . | . . . Construction Impeded . | . . . Haulers Reinforced . | . . . Active Scanning Responses . | . . . Cargo Convoy Interrupts . | . . . Stealth | -11 -10 -10 --------- Run | Jun Mat Min Distress Signals 1 | . 1 . Communications Jammed . | . . . Distress Signals . | . . . Times Spotted 48 | . 15 33 Peak Tracking Total 10 | . 3 10 Tactical Retreats 6 | . 1 5 Traps | -11 -10 -10 ------- Run | Jun Mat Min Traps Triggered 1 | . 1 . Indirectly . | . . . Trap Hack Attempts . | . . . Triggered . | . . . Disarmed . | . . . Reprogrammed . | . . . Reused . | . . . Traps Extracted . | . . . Installed . | . . . Triggered . | . . . Machines | -11 -10 -10 ---------- Run | Jun Mat Min Machines Disabled 2 | . 2 . Max in Single Turn 1 | . 1 . Machines Repaired . | . . . Machines Sabotaged . | . . . Overloaded Fab Kills . | . . . Hacking | -11 -10 -10 --------- Run | Jun Mat Min Machines Accessed 9 | . 9 . Terminals 7 | . 7 . Fabricators . | . . . Repair Stations . | . . . Recycling Units 2 | . 2 . Scanalyzers . | . . . Garrison Access . | . . . Total Hacks 35 | . 35 . Successful 20 | . 20 . Failed 15 | . 15 . Catastrophic . | . . . Database Lockouts . | . . . Manual 30 | . 30 . Terminals 28 | . 28 . Fabricators . | . . . Repair Stations . | . . . Recycling Units 7 | . 7 . Scanalyzers . | . . . Garrison Access . | . . . Terminal Hacks 7 | . 7 . Robot Analysis 4 | . 4 . Terminal Index 1 | . 1 . Locate Traps 1 | . 1 . Hauler Manifests 1 | . 1 . Fabricator Hacks . | . . . Repair Station Hacks . | . . . Recycling Unit Hacks 2 | . 2 . Report Inventory 1 | . 1 . Retrieve Components 1 | . 1 . Scanalyzer . | . . . Garrison Access Hacks . | . . . Unauthorized Hacks 11 | . 11 . Terminals 7 | . 7 . Track 2 | . 2 . Assimilate 2 | . 2 . Botnet 2 | . 2 . Operators 1 | . 1 . Fabricators . | . . . Repair Stations . | . . . Recycling Units 4 | . 4 . Reject 2 | . 2 . Mask 1 | . 1 . Tunnel 1 | . 1 . Scanalyzers . | . . . Garrison Access . | . . . Data Cores Recovered . | . . . Used . | . . . Hacking Detections 9 | . 9 . Full Trace Events . | . . . Feedback Events . | . . . Feedback Blocked . | . . . Robot Schematics Acquired . | . . . Robots Built . | . . . Authchips . | . . . Time . | . . . Total Robot Build Rating . | . . . Part Schematics Acquired . | . . . Parts Built . | . . . Authchips . | . . . Time . | . . . Total Part Build Rating . | . . . Parts Repaired . | . . . Time . | . . . Parts Recycled . | . . . Recycled Matter . | . . . Retrieved Matter . | . . . Retrieved Components 4 | . 4 . Parts Scanalyzed . | . . . Part Schematics Acquired . | . . . Parts Damaged . | . . . Bothacking | -11 -10 -10 ------------ Run | Jun Mat Min Used RIF Installer . | . . . Robots Hacked . | . . . Non-combat . | . . . Combat . | . . . Robot Hacks Applied . | . . . Relay Couplers Released . | . . . Fabnet Peak Effective % . | . . . Robots Rewired . | . . . Allies Hacked . | . . . Hacks Repelled . | . . . Allies | -11 -10 -10 -------- Run | Jun Mat Min Total Allies 2 | . 1 1 Largest Group 1 | . 1 1 Highest-Rated Group 31 | . 10 31 Highest-Rated Ally 31 | . 10 31 Total Orders 1 | . 1 . STAY 1 | . 1 . Ally Attacks 1 | . . 1 Total Damage 22 | . . 22 Kills 1 | . . 1 Allies Corrupted . | . . . Allies Melted . | . . . Intel | -11 -10 -10 ------- Run | Jun Mat Min Robot Analysis Total 4 | . 4 . Derelict Logs Recovered 1 | . . 1 Drone Launches . | . . . Drone Recoveries . | . . . Exploration | -11 -10 -10 ------------- Run | Jun Mat Min Turns Passed 2355 | 123 1279 953 Spaces Moved 1759 | 82 1142 535 Core 11 | 11 . . Treads 244 | . . 244 Legs . | . . . Wheels 1504 | 71 1142 291 Hover . | . . . Flight . | . . . Fastest Speed 50 | 50 80 95 Average Speed 101 | 86 89 130 Slowest Speed 160 | 95 95 160 Overloaded Moves . | . . . Propulsion Burnouts . | . . . Robots Hopped . | . . . Cave-ins Triggered . | . . . Exploration Rate (%) 60 | 3 97 82 Regions Visited 2 Branch Regions 1 Pre-discovered Areas 2 | . 1 1 Known Exits Taken . | . . . Unknown Exits Taken 2 | 1 1 . Scrap Searched 1 | . . 1 Spaces Dug . | . . . Terrain Destroyed 46 | . 10 36 Melee . | . . . Projectile 1 | . 1 . AOE 45 | . 9 36 Terrain Rammed . | . . . Walls Destroyed . | . . . Machines Disabled . | . . . Actions | -11 -10 -10 --------- Run | Jun Mat Min Total 2155 | 114 1329 712 Wait 229 | . 115 114 Move 1757 | 81 1141 535 Hop . | . . . Pick Up 37 | 15 14 8 Fast Attach 1 | . 1 . Attach 21 | 7 6 8 Detach 1 | . 1 . Swap 10 | . 6 4 Drop 9 | . 7 2 Fire 88 | 11 37 40 Melee . | . . . Ram 1 | . 1 . Kick . | . . . Crush 1 | . . 1 Escape Stasis . | . . . Rewire . | . . . Trap . | . . . Miscellaneous . | . . . Route ------- -11/Junkyard -10/Materials (discovered 5 exits: [*Mat x3] / [*Min x2]) -10/Mines (discovered 2 exits: [*Mat x2]) History --------- Turn | Location | Event 17 | -11/Junkyard | Discovered new exit (range 15) 124 | -11/Junkyard | Entered Materials 307 | -10/Materials | Discovered new exit (range 5) 312 | -10/Materials | Build established: Mutant 335 | -10/Materials | Discovered new exit (range 9) 496 | -10/Materials | Discovered new exit (range 9) 503 | -10/Materials | Lost 3 parts (1p2w) 614 | -10/Materials | Discovered new exit (range 4) 748 | -10/Materials | Discovered new exit (range 16) 1403 | -10/Materials | Entered Mines 1403 | -10/Mines | Accompanied by 1 ally 1459 | -10/Mines | Met a Derelict bent on vengeance 1459 | -10/Mines | Discovered new exit (range 4) 1556 | -10/Mines | Learned location of Recycling (-9) 1745 | -10/Mines | Core integrity fell below 50% 1807 | -10/Mines | A weapon hastily lodged in a ceiling crevice suddenly fell to the ground 1911 | -10/Mines | Lost 4 parts (1p1n2w) 1917 | -10/Mines | Escorted by a lone wolf Derelict 2093 | -10/Mines | Discovered new exit (range 8) 2264 | -10/Mines | Assembled infested the area 2269 | -10/Mines | Assisted by a Guerilla fighting off Assembled 2338 | -10/Mines | Core integrity fell below 20% 2356 | -10/Mines | Destroyed by as-04069 with Assembled Heavy Rifle Last Messages --------------- coming from, and they're closing on this area, come on!" 02300_ as-48707 destroyed. 02301_ as-28257 sneak attacks. 02301_ OV-66A(g): "Mission, incomplete...*fzzt*" 02301_ OV-66A(g) destroyed. 02324_ Lgt. Nuclear Core destroyed. 02324_ K-01 Serf destroyed. 02329_ Assault Rifle destroyed. 02331_ as-14359 destroyed. 02331_ as-37607 destroyed. 02333_ The unstable cave ceiling collapses. 02335_ as-85458 destroyed. 02335_ as-38573 destroyed. 02337_ Slammed into as-28257. 02341_ as-28257 destroyed. 02352_ as-69966 destroyed. 02352_ Switching to secondary target: as-67573. 02353_ Lgt. Treads destroyed. 02356_ as-67573 destroyed. 02356_ Switching to secondary target: as-04069. Map ----- +----------------------------------------------------+ | ?# #????????????????????????????????????? | | ## #????????????????????????????????????? | | #????????????????????????????????????? | | #????????????????????????????????????? | | ##????????????????????????????????????? | | #?????????????????????????????????????? | | #?????????????????????????????????????? | | ##????????????????????????????????????? | | #????????????????????????????????????? | | #????????????????????????????????????? | | #????????????????????????????????????? | | #????????????###?????????????????????? | | ##????????????* ##???????????????????? | | ##???????????? %= ??????????????????? | | ##?????????????#%[ ###???????????????? | | #?????????????#!! ???????????????? | | #?????????????# * % #??????????????? | | #?????????????? #?????????????? | | #???????????????? ###??????????? | | ##?????????####????? % #??????????? | | ###????####### ##?????? ##?????????? | | ######## #####??? #?????????? | | % % #???? % ??????????? | | ### #### #????## #??????????? | | ## ######## #??# ######## #??????????? | | ?# #??????# ##??# @%aa #??????????? | | ?# #??????## ##???#########a #??????????? | | ?# #???????####????????????# #??????????? | | ?# #???????????????????????# #??????????? | | ?#=#???????????????????##### #??????????? | | ?#%#???????????????????# ##?????????? | | ?#%#??????####?????????# ###???????? | | ?#[#?????## ##????#"[| #???????? | | ?#=#?????# ####?# % #??????? | | ?#%#?????# ### # *#??????? | | ?#=####### ##"!! # # =!%% #???? | | ?#[ *=%*= ###[|## #######???? | | ?######%## ##?###?### ##?????????? | | ####### ### ##?????????# #??????????? | | ### #######?????####??????????? | | # ######## #### ###?????????????????? | | # #??????# ## ##????????????????? | | # #?????## ## #????????????????? | | # ###??## ## #????????????????? | | # #??# ## #?????????????????? | | ### #### ## ##????????????????? | | ??# *%[ ###??????????????? | | ??####### | ##?????????????? | | ????????## #?????????????? | | ?????????## # #?????????????? | +----------------------------------------------------+ Best States ------------- Heat Dissipation 39 Energy Generation 14 Energy Capacity 250 Matter Stores 300 Matter Capacity 300 Sight Range 16 Terrain Scan Range 16 Terrain Scan Density 10 Armor Coverage 150 Evasion (%) 50 Recoil Reduction 2 Item Schematics ----------------- None Robot Schematics ------------------ None Fabricated ------------ Nothing Alien Tech Used ----------------- None Achievements -------------- None Challenges ------------ None Game ------ Seed HeavyControlRailgun Manual? 0 Play Time 00:21:05 Cumulative 560.8 hours Start 2023.03.12 @ 00:57:24 End 2023.03.12 @ 01:24:35 Sessions 1 Manual Loads 0 Difficulty Rogue Special Mode None Game No. 399 Rogue 399 Adventurer 0 Explorer 0 Win Type - Total 1 Types 1/0/0/0/0/0/0/0/0 Lore% 70 Gallery% 78 Achievement% 58 Wizard Run 0 Options --------- ASCII 0 Keyboard 0 Movement Mouse Keybinds 0 Fullscreen 1 Font 16/SmallcapsGlow Map View 75x55 Tactical HUD 1 Map Filters NONE Filters NONE Steam 1 RUN: 629ec1c6-57ec-4f21-a9b9-114fa25e3608